 Dungeon Crawl Stone Soup version 0.27-a0-1137-g3ef0f4ec91 (webtiles) character file.

Game seed: 14097805747269904348

184 Zeld the Skirmisher (level 5, 0/37 HPs)
             Began as an Octopode Fighter on May 6, 2021.
             Slain by an orc
             ... wielding a +0 flail
              (5 damage)
             ... on level 4 of the Dungeon.
             The game lasted 00:02:39 (3074 turns).

Zeld the Skirmisher (Octopode Fighter)              Turns: 3074, Time: 00:02:40

Health: 0/37       AC:  1    Str: 16    XL:     5   Next: 64%
Magic:  5/5        EV: 11    Int: 11    God:
Gold:   113        SH:  9    Dex: 11    Spells: 4/4 levels left

rFire    . . .     SeeInvis .   a - +0 war axe
rCold    . . .     Faith    .   b - +0 kite shield
rNeg     . . .     Spirit   .   (helmet restricted)
rPois    .         Reflect  .   (no amulet)
rElec    .         Harm     .   h - ring of willpower
rCorr    .         Rampage  .   (no ring)
Will     +....                  (no ring)
Stlth    ++........             (no ring)
HPRegen  0.12/turn              (no ring)
MPRegen  0.09/turn              (no ring)
                                (no ring)
                                (no ring)

@: lethally poisoned (0 -> -3)
A: almost no armour, amphibious, 8 rings, camouflage 1, gelatinous body 1,
(nimble swimmer 1), tentacles
a: no special abilities


You were on level 4 of the Dungeon.
You visited 1 branch of the dungeon, and saw 4 of its levels.

You collected 113 gold pieces.

Inventory:

Hand Weapons
 a - a +0 war axe (weapon)
Armour
 b - a +0 kite shield (worn)
Jewellery
 h - a ring of willpower (left tentacle)
Scrolls
 d - a scroll of noise {unknown}
 e - 3 scrolls of teleportation {unknown}
 g - a scroll of identify {unknown}
 j - a scroll of fog {unknown}
 m - a scroll of magic mapping {unknown}
Potions
 c - a potion of might
 f - 3 potions of curing {unknown}
 i - 3 potions of lignification {unknown}
 k - a potion of mutation {unknown}
 l - a potion of flight {unknown}


   Skills:
 * Level 4.2 Fighting
 * Level 3.6 Axes
 - Level 3.0 Dodging
 * Level 4.2 Shields


You had 4 spell levels left.
You didn't know any spells.
Your spell library contained the following spells:

 Spells                   Type           Power      Damage    Failure   Level
 Corona                   Hex            0%         N/A       80%         1
 Ensorcelled Hibernation  Hex/Ice        0%         N/A       91%         2
 Confusing Touch          Hex            0%         N/A       99%         3
 Dazzling Flash           Conj/Hex       0%         N/A       99%         3
 Tukima's Dance           Hex            0%         N/A       99%         3


Dungeon Overview and Level Annotations

Branches:
Dungeon (4/15)
 Temple: D:4-7

Altars:


Innate Abilities, Weirdness & Mutations

You cannot wear most types of armour.
You are amphibious.
You can wear up to eight rings at the same time.
Your skin changes colour to match your surroundings (Stealth+).
Your rubbery body absorbs attacks. (AC +1, EV +1)
((You are camouflaged near water. (Stealth+)))
You have tentacles for arms and can constrict up to eight enemies at once.


Message History

You block the iguana's attack.
You hit the iguana. You grab the iguana. You squeeze the iguana.
The iguana is moderately wounded.
You hit the orc. You hit the orc but do no damage. You constrict the iguana.
The adder hisses angrily. x2
You block the iguana's attack. The orc hits you with a +0 whip.
The iguana bites you!
Unknown command.
You hit the iguana but do no damage. You squeeze the iguana!
You kill the iguana!
You completely miss the orc. You hit the adder. You closely miss the adder.
You completely miss the orc. You slash the orc!
You kill the orc!
You block the adder's attack. The adder completely misses you.
The orc barely misses you. You block the orc's attack.
The adder closely misses you. The adder bites you.
You are poisoned.
The adder poisons you! The orc hits you with a +0 flail.
The orc hits you with a +0 whip.
You are too injured to fight recklessly!
Unknown command.
You are too injured to fight recklessly!
Unknown command.
You are too injured to fight recklessly!
You miss the adder. You grab the adder. You squeeze the adder.
The adder is almost dead.
You miss the adder. You closely miss the orc. You slash the orc!
You kill the orc!
You constrict the adder.
You kill the adder!
You feel sick. You block the adder's attack. The orc barely misses you.
The adder bites you.
* * * LOW HITPOINT WARNING * * *
You hit the adder. Your grab misses the adder.
The adder is heavily wounded.
You closely miss the orc.
* * * LOW HITPOINT WARNING * * *
You feel sick. You block the adder's attack. The orc barely misses you.
The adder closely misses you. The orc hits you with a +0 flail.
You die...

##.##
##..#.#++ #.#
#....# #.#
#..### #.#
#..+Z# ##.#
#..+O# ..
#..###### ##
#....#..#
#..#.#')#.#..#
#....S@).....#
#.....o)....!#
##############


You could see an adder and an orc.

Vanquished Creatures
  The ghost of bronco the Cutter, a weakling HuCK of Xom (D:3)
  An iguana (D:4)
  A hound skeleton (D:4)
  2 adders
  2 worms
  A dart slug (D:2)
  8 orcs (D:4)
  3 ball pythons
  4 endoplasms
  4 giant cockroaches
  10 hobgoblins
  3 jackals (D:4)
  6 kobolds
  4 quokkas
  3 bats
  5 goblins
  4 rats
62 creatures vanquished.

Vanquished Creatures (others)
  7 plants (D:2)
7 creatures vanquished.

Grand Total: 69 creatures vanquished

Notes
Turn   | Place    | Note
-------+----------+-------------------------------------------
     0 | D:1      | Zeld the Octopode Fighter began the quest for the Orb.
     0 | D:1      | Reached XP level 1. HP: 16/16 MP: 1/1
   360 | D:1      | Reached XP level 2. HP: 21/21 MP: 2/2
  1062 | D:2      | Reached XP level 3. HP: 19/26 MP: 3/3
  1726 | D:2      | Found a faded altar of an unknown god.
  2235 | D:3      | Found a runed translucent door.
  2235 | D:3      | Noticed bronco's ghost (weakling HuCK)
  2273 | D:3      | Reached XP level 4. HP: 33/33 MP: 4/4
  2736 | D:3      | Killed bronco's ghost
  2974 | D:4      | Reached XP level 5. HP: 37/37 MP: 5/5
  3060 | D:4      | Noticed an ogre
  3074 | D:4      | Slain by an orc

Illustrated notes

Levels and vault maps discovered:
D:1:      saegor_arrival_simple_e, layout_basic
D:2:      layout_rooms, chequers_ecumenical_altar_lobes, moated_statue
D:3:      layout_loops_cross, hellmonk_ghost_happy_afterlife
D:4:      layout_loops_ring, minmay_mini_jars

Skill      XL: |  1  2  3  4 |
---------------+-------------+-----
Fighting       | 4 |  4.2
Axes           | 3 |  3.6
Shields        | 4 |  4.2
Dodging        | |  3.0

Action                   |  1- 3 |  4- 6 || total
-------------------------+-------+-------++-------
Melee: War axe           |    71 |    32 ||   103
       Constrict         |    19 |     9 ||    28
       Tentacles         |    15 |    10 ||    25
 Stab: Sleeping          |     5 |     2 ||     7
Armor: Skin              |     5 |     1 ||     6
Dodge: Dodged            |    28 |    19 ||    47
Block: Kite shield       |    36 |    22 ||    58

Table legend: (Time is in decaauts)
 A = Elapsed time spent in this place.
 B = Non-inter-level travel time spent in this place.
 C = Inter-level travel time spent in this place.
 D = Time resting spent in this place.
 E = Time spent auto-exploring this place.
 F = Levels seen in this place.
 G = Mean time per level.
                   A        B        C        D        E       F      G
               +--------+--------+--------+--------+--------+-----+--------+
         Total |   3133 |   3101 |     32 |      0 |   2713 |   4 |  783.2 |
       Dungeon |   3133 |   3101 |     32 |      0 |   2713 |   4 |  783.2 |
               +--------+--------+--------+--------+--------+-----+--------+

Top non-repeatable levels by time:
     D:2: 1031 daAuts
     D:3: 1000 daAuts
     D:1: 891 daAuts
     D:4: 209 daAuts
